 Dungeon Crawl Stone Soup version 0.30.0-5-g1a98f26d00 (webtiles) character file.

Game seed: 9975143122422559026

279 buriedalive the Chiller (level 6, -3/33 HPs)
             Began as a Deep Elf Ice Elementalist on May 12, 2023.
             Was an Initiate of Vehumet.
             Slain by a gnoll bouda
             ... wielding a +0 whip of electrocution
              (11 damage)
             ... on level 4 of the Dungeon.
             The game lasted 00:04:51 (3444 turns).

buriedalive the Chiller (Deep Elf Ice Elementalist) Turns: 3444, Time: 00:04:52

Health: -3/33      AC:  2    Str:  5    XL:     6   Next: 5%
Magic:  11/15      EV: 13    Int: 22    God:    Vehumet [......]
Gold:   209        SH:  0    Dex: 15    Spells: 8/15 levels left

rFire   . . .        f - +2 short sword (freeze)
rCold   . . .        (no shield)
rNeg    . . .        a - +0 robe
rPois   .            (no helmet)
rElec   .            (no cloak)
rCorr   .            (no gloves)
SInv    .            (no boots)
Will    .....        (no amulet)
Stlth   ++           (no ring)
HPRegen 0.25/turn    (no ring)
MPRegen 0.14/turn

%: no passive effects
@: no status effects
A: no striking features
a: Renounce Religion


You were on level 4 of the Dungeon.
You worshipped Vehumet.
Vehumet was noncommittal.
You visited 2 branches of the dungeon, and saw 5 of its levels.

You collected 209 gold pieces.

Inventory:

Hand Weapons
 d - a +0 dagger
 f - a +2 short sword of freezing (weapon)
Missiles
 e - 18 stones
 t - a throwing net
Armour
 a - a +0 robe (worn)
Jewellery
 p - a ring of fire
Scrolls
 c - 2 scrolls of fear {unknown}
 g - 2 scrolls of teleportation {unknown}
 i - 4 scrolls of identify {unknown}
 j - 2 scrolls of poison {unknown}
 k - a scroll of enchant armour {unknown}
 q - 2 scrolls of amnesia {unknown}
 s - a scroll of magic mapping {unknown}
 u - a scroll of silence {unknown}
Potions
 b - a potion of magic
 h - a potion of cancellation
 l - 2 potions of curing {unknown}
 m - a potion of lignification {unknown}
 n - a potion of might {unknown}
 o - a potion of brilliance {unknown}
 r - 3 potions of heal wounds {unknown}


   Skills:
 + Level 0.4 Fighting
 + Level 2.1 Short Blades
 + Level 3.3 Dodging
 - Level 2.4 Stealth
 - Level 5.0 Spellcasting
 + Level 6.3 Ice Magic


You had 8 spell levels left.
You knew the following spells:

 Your Spells              Type           Power      Damage    Failure   Level
a - Freeze                Ice            100%       1d10      1%          1
b - Ozocubu's Armour      Ice            33%        N/A       2%          3
c - Frozen Ramparts       Ice            66%        1d10      2%          3

Your spell library contained the following spells:

 Spells                   Type           Power      Damage    Failure   Level
 Hailstorm                Conj/Ice       19%        3d6       9%          3
 Summon Ice Beast         Ice/Summ       19%        N/A       26%         4


Dungeon Overview and Level Annotations

Branches:
Dungeon (4/15)             Temple (1/1) D:4

Altars:
Cheibriados
Fedhas
Gozag
Nemelex Xobeh
Okawaru
Sif Muna
Trog
Vehumet
Wu Jian
Xom
Yredelemnul
Zin
The Shining One


Message History

You hit the gnoll. You freeze the gnoll.
The gnoll is almost dead.
The wall freezes the gnoll!
You kill the gnoll!
Vehumet accepts your kill.
The wall freezes the gnoll but does no damage.
The gnoll hits you with a +0 whip!
The wall freezes the gnoll.
The wall freezes the gnoll bouda!
Training target 5.0 for Spellcasting reached!
Your Spellcasting skill increases to level 5!
You are too injured to fight recklessly!
You are too injured to fight recklessly!
Unknown command.
You are too injured to fight recklessly!
You are too injured to fight recklessly!
You hit the gnoll bouda but do no damage.
The gnoll bouda is moderately wounded.
The wall freezes the gnoll.
The gnoll closely misses you.
The wall freezes the gnoll!
The gnoll misses you.
The wall freezes the gnoll. x2
You kill the gnoll!
Vehumet accepts your kill.
The wall freezes the gnoll bouda but does no damage.
The gnoll bouda closely misses you.
You have reached level 6!
You hit the gnoll bouda but do no damage.
The gnoll bouda is moderately wounded.
The wall freezes the gnoll.
The gnoll hits you with a +0 whip.
* * * LOW HITPOINT WARNING * * *
The wall freezes the gnoll.
The gnoll barely misses you.
The wall freezes the gnoll.
You kill the gnoll!
Vehumet accepts your kill.
The wall freezes the gnoll bouda but does no damage.
The gnoll bouda closely misses you.
It was a potion of cancellation.
Your magical effects are unravelling.
You feel magically purged.
The frozen ramparts melt away.
The gnoll closely misses you. The gnoll hits you but does no damage.
The gnoll bouda hits you with a +0 whip of electrocution!
You die...

#.##.....†.....######.######
#.###.#...###### #.#
#..####...###########.#
##....................#
#..#####.###.########## ####
###.###.## ...<.....#
###.###..# #.# #@g# .# #)g#
.# #)g# #..# #... #.### ..#
#..


You could see a gnoll bouda and 2 gnolls.

Vanquished Creatures
  A scorpion (D:4)
  2 hounds (D:4)
  An iguana (D:4)
  3 gnolls (D:4)
  3 adders
  A white imp (D:4)
  A worm (D:3)
  4 dart slugs
  4 ball pythons
  4 bats
  4 endoplasms
  4 giant cockroaches
  3 goblins
  6 hobgoblins
  5 jackals
  A quokka (D:2)
  6 frilled lizards
  7 kobolds
  4 rats
64 creatures vanquished.

Notes
Turn   | Place    | Note
-------+----------+-------------------------------------------
     0 | D:1      | buriedalive the Deep Elf Ice Elementalist began the quest
                  | for the Orb.
     0 | D:1      | Reached XP level 1. HP: 10/10 MP: 6/6
   185 | D:1      | Reached XP level 2. HP: 15/15 MP: 6/8
   478 | D:1      | Found a faded altar of an unknown god.
   913 | D:2      | Reached skill level 5 in Ice Magic
  1377 | D:2      | Reached XP level 3. HP: 19/19 MP: 6/9
  1531 | D:2      | Reached skill level 1 in Short Blades
  1674 | D:2      | You fall into a shaft and drop 2 floors!
  1687 | D:4      | Reached XP level 4. HP: 18/24 MP: 7/12
  1692 | D:4      | Learned a level 3 spell: Ozocubu's Armour
  1696 | D:4      | Learned a level 3 spell: Frozen Ramparts
  2041 | D:3      | Identified the +0 ring mail "Ditache" {Dex+4}
  2101 | D:3      | Reached XP level 5. HP: 28/28 MP: 13/13
  2750 | D:4      | Found a staircase to the Ecumenical Temple.
  2759 | D:4      | Reached skill level 6 in Ice Magic
  2773 | Temple   | Entered the Ecumenical Temple
  2966 | Temple   | Became a worshipper of Vehumet
  3442 | D:4      | Reached skill level 5 in Spellcasting
  3443 | D:4      | Reached XP level 6. HP: 13/33 MP: 11/15
  3444 | D:4      | Slain by a gnoll bouda

Illustrated notes

Levels and vault maps discovered:
D:1:      heliophobic_arrival_glass_houses, layout_basic,
          shapermc_ecumenical_altar_mp_vishouse
D:2:      layout_basic, serial_bayou_pond_a, dreamdust_mushroom_princess,
          kennysheep_jessica_study
D:3:      layout_basic
D:4:      layout_loops_ring, worldfamousw_hep_ancestral_shrine,
          lemuel_coloured_pillars_altar, minmay_temple_entry_sparse_star,
          nicolae_nh_ransacked_shop
Temple:   hellmonk_temple_forest_ring

Skill      XL: |  1  2  3  4  5 |
---------------+----------------+-----
Ice Magic      | 5 6 |  6.3
Short Blades   | 1 2 |  2.1
Spellcasting   | 4 5 |  5.0
Dodging        | 3 |  3.3
Fighting       | |  0.4
Stealth        | |  2.4

Action                     |  1- 3 |  4- 6 || total
---------------------------+-------+-------++-------
  Melee: Unarmed           |     8 |       ||     8
         Short sword       |    33 |    58 ||    91
         Dagger            |     4 |       ||     4
   Cast: Freeze            |    36 |     5 ||    41
         Frozen Ramparts   |       |     7 ||     7
         Ozocubu's Armour  |       |     1 ||     1
    Use: Potion            |       |     1 ||     1
   Stab: Sleeping          |     5 |     4 ||     9
 Armour: Robe              |    13 |    16 ||    29
  Dodge: Dodged            |    35 |    32 ||    67
